 Dungeon Sprint DCSS version 0.27-a0-1513-g2aaa0cc67b (webtiles) character file.

Game seed: 14462197401453517978

6856 mhtbhm the Severer (level 10, 0/101 HPs)
             Began as a Purple Draconian Monk on July 9, 2021.
             Was the Champion of Qazlal.
             Slain by a sun demon (8 damage)
             ... summoned by a kobold demonologist
             ... in the Dungeon (Sprint VII: "The Pits").
             The game lasted 00:06:29 (2232 turns).

mhtbhm the Severer (Purple Draconian Monk)          Turns: 2232, Time: 00:06:30

Health: 0/101      AC: 10    Str: 20    XL:     10   Next: 78%
Magic:  9/16       EV: 17    Int: 13    God:    Qazlal [******]
Gold:   0          SH:  8    Dex: 14    Spells: 9/9 levels left

rFire    + . .     SeeInvis .   a - +5 battleaxe (freeze)
rCold    . . .     Faith    .   (shield currently unavailable)
rNeg     . . .     Spirit   .   (armour unavailable)
rPois    .         Reflect  .   (helmet restricted)
rElec    .         Harm     .   o - +0 cloak
rCorr    .         Rampage  .   n - +0 pair of gloves
Will     +....     NoTele   +   m - +0 pair of boots
Stlth    +.........             (no amulet)
HPRegen  0.26/turn              g - +3 ring of strength
MPRegen  0.15/turn              j - +3 ring of intelligence

@: protected from fire, repel missiles
A: breathe power, AC +7, unfitting armour, cold-blooded
a: Breathe Dispelling Energy, Renounce Religion, Upheaval, Elemental Force,
Disaster Area


You were in the Dungeon.
You worshipped Qazlal.
Qazlal was exalted by your worship.
You visited 1 branch

Inventory:

Hand Weapons
 a - a +5 battleaxe of freezing (weapon)
Armour
 m - a +0 pair of boots (worn)
 n - a +0 pair of gloves (worn)
 o - a +0 cloak (worn)
Jewellery
 g - a +3 ring of strength (left hand)
 j - a +3 ring of intelligence (right hand)
Scrolls
 i - 5 scrolls of amnesia
Potions
 b - 6 potions of curing
 c - 5 potions of heal wounds
 d - a potion of haste
 e - 4 potions of magic
 f - a potion of berserk rage
 h - 2 potions of invisibility
 k - a potion of brilliance
 l - 2 potions of mutation


   Skills:
 + Level 13.0 Fighting
 + Level 15.7(16.0) Axes
 + Level 6.3(12.1) Polearms
 + Level 11.2 Dodging
 + Level 4.2 Stealth
 + Level 6.2 Shields
 * Level 8.3 Invocations


You had 9 spell levels left.
You didn't know any spells.
Your spell library was empty.

Dungeon Overview and Level Annotations

Branches:
Dungeon (1/1)

Altars:
Ashenzari
Cheibriados
Dithmenos
Elyvilon
Fedhas
Gozag
Hepliaklqana
Kikubaaqudgha
Makhleb
Nemelex Xobeh
Okawaru
Qazlal
Ru
Sif Muna
Trog
Uskayaw
Vehumet
Wu Jian
Xom
Yredelemnul
Zin
The Shining One
Beogh
Jiyva
Lugonu


Innate Abilities, Weirdness & Mutations

You can breathe bolts of dispelling energy.
Your rich purple scales are hard. (AC +7)
You cannot fit into any form of body armour.
You are cold-blooded and may be slowed by cold attacks.


Message History

Qazlal accepts your kill.
The iron imp disappears in a puff of smoke!
The quasit disappears in a puff of smoke!
The crimson imp disappears in a puff of smoke!
You hear an angry hiss.
You hear a shout!
You block the sun demon's attack.
The kobold demonologist begins to cast a cantrip, but forgets the words!
You hear a trumpeting!
Your Fighting skill increases to level 13!
Unknown command.
Unknown command.
Unknown command.
Unknown command.
You feel much better.
The kobold brigand is no longer encased in ice.
The tyrant leech bites you!!
The tyrant leech draws strength from your injuries!
The sun demon closely misses you.
Unknown command.
You miss the tyrant leech.
The tyrant leech is moderately wounded.
You hit the kobold demonologist but do no damage.
You closely miss the sun demon. The sun demon barely misses you.
The tyrant leech bites you!!
* * * LOW HITPOINT WARNING * * *
The tyrant leech draws strength from your injuries!
Unknown command.
You feel much better. The sun demon hits you!!
* * * LOW HITPOINT WARNING * * *
You are engulfed in flames.
You resist.
* * * LOW HITPOINT WARNING * * *
You block the kobold demonologist's attack.
The tyrant leech bites you but does no damage.
Unknown command.
Okay, then.
You feel much better. The sun demon hits you!!
* * * LOW HITPOINT WARNING * * *
You are engulfed in flames!
You resist.
You feel more protected from fire.
You die...

'#####......#..#......##.........
.#[[##................##.........
.#))#####'#####''################
##))##.......##''#####
.#))##.......##..†.≈.#
.#..##.......##..≈.###
##'###...<...##.§§##
....##.......##.○##
....##.......##3@#
######.......##Kw#
.#..###########.K☼
.#.############)K#.
.#.#....#....##≈†#..
.#)#....#...[##.)# ..
.#))....'..))##... #.+
.#[#....#..))##... ##
.).#....#..))#


You could see a tyrant leech, a sun demon (summoned), a kobold demonologist, a
kobold brigand and a kobold.

Vanquished Creatures
  A fire giant (D)
  A vampire mage (D)
  A fire crab (D)
  A shadow wraith (D)
  A swamp dragon (D)
  A lindwurm (D)
  An orc knight (D)
  A kobold demonologist (D)
  A snapping turtle (D)
  A redback (D)
  Grum (D)
  A fire elemental (D)
  A basilisk (D)
  A warg (D)
  Purgy (D)
  An orc warrior (D)
  2 swamp drakes (D)
  4 wolves (D)
  2 phantoms (D)
  A kobold brigand (D)
  A scorpion (D)
  5 wights (D)
  A jelly (D)
  A hound (D)
  An orc wizard (D)
  A hell rat (D)
  2 river rats (D)
  A white imp (D)
  An ufetubus (D)
  An adder skeleton (D)
  2 orcs (D)
  2 bat skeletons (D)
  A bat zombie (D)
  2 giant cockroaches (D)
  2 jackals (D)
  A quokka (D)
  A ball python skeleton (D)
  A kobold (D)
52 creatures vanquished.

Vanquished Creatures (collateral kills)
  A flying skull (D)
  A wight (D)
  A hound (D)
3 creatures vanquished.

Grand Total: 55 creatures vanquished

Notes
Turn   | Place    | Note
-------+----------+-------------------------------------------
     0 | D        | mhtbhm the Draconian Monk began the quest for the Orb.
     0 | D        | Reached XP level 1. HP: 19/19 MP: 1/1
    19 | D        | Found a bloodstained altar of Trog.
    19 | D        | Found a shimmering blue altar of Sif Muna.
    19 | D        | Found a viscous altar of Jiyva.
    19 | D        | Found a hazy altar of Hepliaklqana.
    19 | D        | Found an opulent altar of Gozag.
    20 | D        | Found a glowing golden altar of the Shining One.
    20 | D        | Found a glowing silver altar of Zin.
    20 | D        | Found a basalt altar of Yredelemnul.
    20 | D        | Found a shimmering altar of Xom.
    20 | D        | Found an ornate altar of the Wu Jian Council.
    20 | D        | Found a sacrificial altar of Ru.
    20 | D        | Found a stormy altar of Qazlal.
    20 | D        | Found an iron altar of Okawaru.
    20 | D        | Found a sparkling altar of Nemelex Xobeh.
    20 | D        | Found a burning altar of Makhleb.
    20 | D        | Found a blossoming altar of Fedhas.
    20 | D        | Found a white marble altar of Elyvilon.
    20 | D        | Found a shadowy altar of Dithmenos.
    20 | D        | Found a snail-covered altar of Cheibriados.
    22 | D        | Found a radiant altar of Vehumet.
    22 | D        | Found a corrupted altar of Lugonu.
    23 | D        | Found a hide-covered altar of Uskayaw.
    23 | D        | Found an ancient bone altar of Kikubaaqudgha.
    23 | D        | Found a broken altar of Ashenzari.
    45 | D        | Became a worshipper of Qazlal Stormbringer
    45 | D        | Reached * piety under Qazlal
    45 | D        | Reached ** piety under Qazlal
   111 | D        | Reached XP level 2. HP: 21/27 MP: 2/2
   283 | D        | Reached *** piety under Qazlal
   284 | D        | Reached skill level 1 in Axes
   315 | D        | Reached **** piety under Qazlal
   316 | D        | Reached XP level 3. HP: 27/35 MP: 3/3
   320 | D        | Reached skill level 5 in Fighting
   436 | D        | Noticed a flying skull
   437 | D        | Noticed a kobold brigand
   443 | D        | HP: 2/51 [wight (10)]
   445 | D        | Reached skill level 3 in Axes
   445 | D        | Reached skill level 1 in Shields
   445 | D        | Reached XP level 4. HP: 3/44 MP: 4/4
   452 | D        | Killed a flying skull
   453 | D        | Reached skill level 5 in Axes
   453 | D        | Reached skill level 5 in Polearms
   453 | D        | Reached XP level 5. HP: 35/52 MP: 5/5
   454 | D        | Reached ***** piety under Qazlal
   455 | D        | Reached skill level 6 in Axes
   455 | D        | Reached XP level 6. HP: 41/61 MP: 6/6
   484 | D        | Reached skill level 7 in Axes
   534 | D        | Upgraded the game from 0.27-a0-1502-g47ed6a6988 to
                  | 0.27-a0-1513-g2aaa0cc67b
   543 | D        | Reached skill level 8 in Axes
   543 | D        | Your scales start taking on a rich purple colour.
   543 | D        | Reached XP level 7. HP: 40/69 MP: 7/7
   719 | D        | Noticed a swamp dragon
   727 | D        | Killed a swamp dragon
   728 | D        | Reached skill level 10 in Axes
   728 | D        | Reached XP level 8. HP: 32/79 MP: 8/8
   967 | D        | Reached ****** piety under Qazlal
  1078 | D        | Noticed an orc knight
  1086 | D        | Reached skill level 10 in Fighting
  1086 | D        | Reached skill level 11 in Axes
  1111 | D        | Killed an orc knight
  1112 | D        | Reached skill level 12 in Axes
  1264 | D        | Noticed a lindwurm
  1272 | D        | Killed a lindwurm
  1273 | D        | Reached skill level 5 in Shields
  1273 | D        | Reached XP level 9. HP: 70/89 MP: 8/11
  1288 | D        | Killed a shadow wraith
  1289 | D        | Reached skill level 13 in Axes
  1289 | D        | Reached skill level 10 in Dodging
  1526 | D        | Noticed a vampire mage
  1527 | D        | Noticed a fire crab
  1537 | D        | Killed a vampire mage
  1537 | D        | Killed a fire crab
  1538 | D        | Reached skill level 14 in Axes
  1538 | D        | Reached XP level 10. HP: 48/97 MP: 12/14
  1737 | D        | Noticed a fire giant
  1749 | D        | Killed a fire giant
  1750 | D        | Reached skill level 15 in Axes
  2190 | D        | Noticed Purgy
  2199 | D        | Killed Purgy
  2209 | D        | Noticed Grum
  2218 | D        | Killed Grum
  2226 | D        | Noticed a sun demon
  2232 | D        | Slain by a sun demon

Illustrated notes

Levels and vault maps discovered:
D:        pitsprint [storerooms_1, entrance_room_1, metal_vault_6, armoury_1,
          mini_pit_1, grid_room_1, main_hall_1, silver_pit, the_coven_3,
          the_vestibule_1, steel_vault_4, golden_pit, hallway_of_sentries,
          crystal_vault_4, iron_vault_2, final_vault]

Skill      XL: |  1  2  3  4  5  6  7  8  9 10 |
---------------+-------------------------------+-----
Dodging        | 3 4 6 7 8 9 10 11 | 11.2
Fighting       | 4 5 7 8 9 11 12 13 | 13.0
Stealth        | 2 3 4 |  4.2
Axes           | 1 3 5 6 8 10 12 14 15 | 15.7
Polearms       | 4 5 6 |  6.3
Shields        | 1 2 3 4 5 6 |  6.2
Invocations    | 3 6 8 |  8.3

Action                   |  1- 3 |  4- 6 |  7- 9 | 10-12 || total
-------------------------+-------+-------+-------+-------++-------
Melee: Hand axe          |    34 |    45 |     6 |       ||    85
       Tailslap          |     5 |     6 |     7 |     7 ||    25
       Spear             |     2 |       |       |       ||     2
       Battleaxe         |       |       |    63 |    41 ||   104
Invok: Upheaval          |       |       |     1 |       ||     1
       Disaster Area     |       |       |       |     1 ||     1
 Abil: Breathe Dispellin |       |       |     1 |       ||     1
  Use: Potion            |     2 |     2 |     5 |     4 ||    13
       Scroll            |       |     2 |       |       ||     2
Armor: Skin              |     9 |     6 |    14 |    15 ||    44
Dodge: Dodged            |    30 |    27 |    46 |    48 ||   151
       Repelled          |       |       |     1 |       ||     1
Block: Other             |    12 |    11 |    19 |    24 ||    66

Table legend: (Time is in decaauts)
 A = Elapsed time spent in this place.
 B = Non-inter-level travel time spent in this place.
 C = Inter-level travel time spent in this place.
 D = Time resting spent in this place.
 E = Time spent auto-exploring this place.
 F = Levels seen in this place.
 G = Mean time per level.
                   A        B        C        D        E       F      G
               +--------+--------+--------+--------+--------+-----+--------+
         Total |   2259 |   2259 |      0 |   1490 |     26 |   1 | 2259.0 |
       Dungeon |   2259 |   2259 |      0 |   1490 |     26 |   1 | 2259.0 |
               +--------+--------+--------+--------+--------+-----+--------+

Top non-repeatable levels by time:
       D: 2259 daAuts
